details: '15,14,13,12,11,10,9,8,7,6,5,4,3,2,1'

« prev index next »

General information

Mini Map

Players

team 1
Humanhetchjay (teal | 27 APM | 3035 actions | 114:20)
Hero icon 6 Pit Lord
Ability icon 3 Rain of Fire
Ability icon 2 Cleaving Attack
Ability icon 1 Doom
Hero icon 4 Goblin Alchemist
Ability icon 2 Healing Spray
Ability icon 2 Chemical Rage

» actions
Assign group hotkey18
Basic commands93
Build / train142
ESC pressed12
Enter build submenu105
Enter hero's abilities submenu10
Give item / drop item4
Right click1234
Select / deselect715
Select group hotkey565
Use ability133
3035 total
» units
Peasant9
Footman11
Goblin Shredder1
Rifleman1
Sorceress1
Dragonhawk Rider1
Gryphon Rider10
34 total
» upgrades
Masonry1
Swords3
Sorceress Training2
Storm Hammers1
Plating3
Magic Sentry1
11 total
» buildings
Altar of Kings1
Barracks1
Farm9
Lumber Mill1
Scout Tower77
Guard Tower75
Keep1
Blacksmith2
Arcane Vault2
Arcane Sanctum1
Castle1
Gryphon Aviary2
Town Hall6
Arcane Tower2
181 total
» build order
00:22 Altar of Kings
00:40 Barracks
00:52 Farm
01:40 Lumber Mill
01:48 Farm
02:28 Scout Tower
02:29 Scout Tower
03:14 Guard Tower
03:22 Guard Tower
03:45 Scout Tower
04:13 Guard Tower
04:55 Scout Tower
04:59 Scout Tower
05:07 Scout Tower
05:08 Scout Tower
05:19 Farm
05:34 Guard Tower
05:34 Guard Tower
05:37 Scout Tower
05:39 Scout Tower
05:44 Guard Tower
05:53 Scout Tower
05:56 Guard Tower
06:06 Guard Tower
06:09 Scout Tower
06:10 Guard Tower
06:20 Scout Tower
06:21 Guard Tower
06:27 Scout Tower
06:47 Guard Tower
07:02 Guard Tower
07:04 Guard Tower
07:04 Guard Tower
07:05 Guard Tower
08:28 Keep
09:20 Blacksmith
10:21 Arcane Vault
10:25 Arcane Vault
10:57 Farm
11:00 Farm
11:03 Scout Tower
11:07 Scout Tower
11:16 Scout Tower
11:17 Scout Tower
11:18 Scout Tower
11:19 Scout Tower
11:20 Scout Tower
11:21 Scout Tower
11:23 Scout Tower
11:41 Guard Tower
11:41 Guard Tower
11:44 Arcane Sanctum
11:55 Scout Tower
11:56 Scout Tower
11:57 Scout Tower
11:58 Scout Tower
12:00 Guard Tower
12:05 Scout Tower
12:06 Scout Tower
12:40 Guard Tower
12:42 Guard Tower
12:43 Guard Tower
12:43 Guard Tower
12:59 Guard Tower
13:04 Castle
13:27 Guard Tower
13:28 Guard Tower
13:34 Gryphon Aviary
14:54 Guard Tower
15:05 Scout Tower
15:08 Scout Tower
15:12 Scout Tower
15:14 Scout Tower
15:37 Scout Tower
15:40 Guard Tower
15:40 Guard Tower
15:42 Scout Tower
15:43 Scout Tower
15:44 Guard Tower
15:45 Scout Tower
15:46 Scout Tower
15:47 Guard Tower
16:02 Scout Tower
16:04 Scout Tower
16:06 Scout Tower
16:08 Scout Tower
16:12 Guard Tower
16:20 Guard Tower
16:21 Guard Tower
16:22 Guard Tower
16:24 Guard Tower
16:40 Guard Tower
16:44 Town Hall
16:45 Guard Tower
17:07 Guard Tower
17:07 Guard Tower
17:52 Farm
17:53 Farm
18:08 Scout Tower
18:09 Scout Tower
18:10 Scout Tower
18:27 Scout Tower
18:28 Scout Tower
18:29 Scout Tower
18:53 Gryphon Aviary
19:22 Guard Tower
19:23 Guard Tower
19:23 Guard Tower
19:23 Guard Tower
19:48 Guard Tower
19:54 Guard Tower
20:29 Guard Tower
20:29 Guard Tower
20:49 Blacksmith
22:49 Scout Tower
22:51 Scout Tower
22:53 Scout Tower
22:55 Scout Tower
23:25 Guard Tower
23:26 Guard Tower
23:26 Guard Tower
23:26 Guard Tower
23:34 Scout Tower
23:37 Scout Tower
23:38 Scout Tower
23:39 Scout Tower
24:10 Guard Tower
24:10 Guard Tower
24:10 Guard Tower
24:14 Scout Tower
24:15 Scout Tower
24:17 Scout Tower
24:20 Scout Tower
24:41 Farm
24:44 Guard Tower
24:45 Guard Tower
24:45 Guard Tower
25:30 Scout Tower
25:32 Scout Tower
25:33 Scout Tower
25:35 Scout Tower
25:46 Farm
26:10 Guard Tower
26:10 Guard Tower
26:11 Guard Tower
27:12 Scout Tower
27:14 Scout Tower
27:15 Scout Tower
27:16 Scout Tower
27:44 Guard Tower
27:44 Guard Tower
27:44 Guard Tower
27:45 Guard Tower
27:59 Town Hall
30:04 Scout Tower
30:05 Scout Tower
30:07 Scout Tower
30:08 Scout Tower
30:33 Guard Tower
30:34 Guard Tower
30:34 Guard Tower
30:35 Guard Tower
33:10 Town Hall
34:56 Guard Tower
35:54 Scout Tower
35:58 Scout Tower
36:33 Guard Tower
36:33 Guard Tower
37:10 Scout Tower
37:11 Scout Tower
37:40 Guard Tower
37:40 Guard Tower
40:16 Scout Tower
40:52 Arcane Tower
47:25 Town Hall
47:40 Town Hall
47:45 Town Hall
54:56 Scout Tower
56:57 Arcane Tower
» items
Scroll of Regeneration4
Scroll of Town Portal1
Staff of Teleportation1
6 total
team 2
OrcxElite_Killerx (yellow | 5 APM | 621 actions | 114:15)
Hero icon 5 Blademaster
Ability icon 3 Wind Walk
Ability icon 2 Critical Strike

» actions
Basic commands3
Build / train58
Enter build submenu17
Enter hero's abilities submenu5
Give item / drop item1
Remove unit from queue5
Right click208
Select / deselect292
Use ability28
621 total
» units
Grunt10
Peon4
Forest Troll Shadow Priest1
Ogre Mauler1
Mud Golem1
Demolisher9
Raider3
Wind Rider3
Kodo Beast2
Shaman1
Tauren3
38 total
» upgrades
Spiked Barricades1
Shaman Training2
Burning Oil1
Melee Weapons1
5 total
» buildings
Altar of Storms1
Orc Burrow8
Barracks1
War Mill1
Stronghold1
Watch Tower1
Fortress1
Beastiary1
Spirit Lodge1
Tauren Totem1
Great Hall1
18 total
» build order
00:10 Altar of Storms
00:14 Orc Burrow
00:21 Barracks
03:03 Orc Burrow
06:10 Orc Burrow
07:40 War Mill
09:25 Stronghold
09:29 Orc Burrow
10:42 Watch Tower
12:45 Fortress
12:53 Beastiary
13:03 Spirit Lodge
14:21 Orc Burrow
15:28 Orc Burrow
19:01 Orc Burrow
22:59 Tauren Totem
24:34 Orc Burrow
29:09 Great Hall
» items
Periapt of Vitality1
Circlet of Nobility1
2 total

Chat log

(00:22 / All) xElite_Killerx: hey
(00:25 / All) hetchjay: YO
(00:32 / All) xElite_Killerx: whats up
(00:55 / All) hetchjay: just building some farms
(01:01 / All) hetchjay: in a peaceful human settlement
(01:05 / All) hetchjay: located to the southwest of this land
(01:45 / All) xElite_Killerx: u want a cheat my freind gave me?
(01:52 / All) xElite_Killerx: gives 1000 gold and 1000 lumber
(01:58 / All) hetchjay: i am using that cheat already
(02:08 / All) xElite_Killerx: oh kool

(04:06 / All) xElite_Killerx: g
(04:07 / All) xElite_Killerx: g

(21:58 / All) xElite_Killerx: towers
(21:59 / All) xElite_Killerx: lol
(22:01 / All) xElite_Killerx: noob
(22:17 / All) hetchjay: you damaged a few of them
(22:21 / All) hetchjay: i will send an invoice
(22:24 / All) xElite_Killerx: i killed like 4
(22:27 / All) xElite_Killerx: and just so u no
(22:40 / All) xElite_Killerx: those are noobish when u tower and its a waste of time and money

(27:28 / All) xElite_Killerx: wow
(27:31 / All) xElite_Killerx: your a noob
(27:54 / All) hetchjay: i am sure you will have no problem with the towers
(28:03 / All) xElite_Killerx: its a waste

(30:27 / All) xElite_Killerx: lmao
(30:29 / All) xElite_Killerx: towers
(30:45 / All) hetchjay: towers > x
(31:05 / All) xElite_Killerx: y do u tower though
(31:07 / All) xElite_Killerx: seriusly
(31:12 / All) xElite_Killerx: its a waste and its noobish
(31:25 / All) hetchjay: for defense
(31:30 / All) xElite_Killerx: lol
(31:32 / All) xElite_Killerx: lmfao

(32:40 / All) xElite_Killerx: ya tele
(32:40 / All) hetchjay: see you later
(32:42 / All) xElite_Killerx: pussy
(32:49 / All) xElite_Killerx: your leaving?
(32:51 / All) hetchjay: no
(32:54 / All) hetchjay: pit lord was leaving
(32:55 / All) xElite_Killerx: oh
(33:00 / All) hetchjay: he had a prior engagement
(33:11 / All) xElite_Killerx: HAHAHAHHAHAHA
(33:13 / All) xElite_Killerx: not funny
(33:21 / All) xElite_Killerx: how old r u
(33:25 / All) hetchjay: that is the most confusing thing anyone has ever said to me
(33:33 / All) xElite_Killerx: how old r u
(33:39 / All) hetchjay: 48
(33:43 / All) xElite_Killerx: lol
(33:44 / All) hetchjay: i am a grandma
(33:51 / All) xElite_Killerx: your so gay
(33:58 / All) hetchjay: ask my grandkids how gay i am
(34:09 / All) xElite_Killerx: your not funny
(34:11 / All) xElite_Killerx: dont try
(34:13 / All) xElite_Killerx: your gay
(34:15 / All) xElite_Killerx: ill hack u
(35:05 / All) xElite_Killerx: lmao
(35:08 / All) xElite_Killerx: towers
(35:10 / All) xElite_Killerx: wow
(35:18 / All) hetchjay: maybe you should try building some
(35:23 / All) xElite_Killerx: they suck
(35:27 / All) hetchjay: clearly

(36:50 / All) xElite_Killerx: more towers
(36:51 / All) xElite_Killerx: lmfao

(37:59 / All) xElite_Killerx: well
(38:03 / All) xElite_Killerx: i have no gold
(38:03 / All) xElite_Killerx: so
(38:07 / All) xElite_Killerx: bg
(38:09 / All) hetchjay: should have built some towers I guess
(38:13 / All) xElite_Killerx: and im gonna hack u after game
(38:17 / All) hetchjay: what
(38:19 / All) hetchjay: what doe sthat even mean
(38:23 / All) xElite_Killerx: im gonna hack u
(38:24 / All) hetchjay: like my body?
(38:30 / All) xElite_Killerx: i take your acc and u cant go on it
(38:42 / All) hetchjay: that would really ruin my life
(38:49 / All) xElite_Killerx: lol
(38:51 / All) xElite_Killerx: funny
(38:54 / All) hetchjay: luckily my son owns blizzard
(38:59 / All) xElite_Killerx: LOL
(39:01 / All) xElite_Killerx: LMFAO
(39:03 / All) xElite_Killerx: PLZ
(39:07 / All) xElite_Killerx: I GOT 3 ACCS
(39:14 / All) xElite_Killerx: ILL HACK U RIGHT AFTER GAME
(39:21 / All) hetchjay: what does having 3 accounts have to do with anything
(39:23 / All) xElite_Killerx: NO JOKE
(39:33 / All) hetchjay: well thanksf or warning me in advance
(39:33 / All) xElite_Killerx: if i lose 1 i got more
(39:34 / All) hetchjay: i guess
(39:42 / All) xElite_Killerx: then leave
(40:02 / All) hetchjay: wait, why does having 3 accounts help you hack my account
(40:06 / All) hetchjay: thats the main thing i am confused about
(40:11 / All) xElite_Killerx: ezz
(40:14 / All) xElite_Killerx: in like 5 mins
(40:22 / All) xElite_Killerx: you'll never be able to play your acc again
(40:25 / All) hetchjay: i am not asking how fast you are
(40:35 / All) hetchjay: i'm asking why your having 3 accounts is relevant
(40:50 / All) xElite_Killerx: im not answering
(40:52 / All) xElite_Killerx: all im saying
(40:58 / All) xElite_Killerx: is im gonna hack u after game
(41:01 / All) hetchjay: nice
(41:05 / All) hetchjay: i'm going to go eat a burrito
(41:06 / All) hetchjay: after this game
(41:16 / All) hetchjay: a burrito crafted by my own hands
(41:18 / All) xElite_Killerx: good then u cant play warcraft again
(41:21 / All) hetchjay: what
(41:33 / All) hetchjay: there's no burrito rule in the EULA
(42:01 / All) hetchjay: i also have more than one account
(42:05 / All) xElite_Killerx: leave and i wont hack u otherwise say bye bye
(42:06 / All) hetchjay: turns out you can make as many as you want
(42:07 / All) xElite_Killerx: good
(42:10 / All) xElite_Killerx: ill hack that to
(42:12 / All) hetchjay: what
(42:19 / All) xElite_Killerx: ill hack both of your accs
(42:21 / All) hetchjay: that doesn't even make sense
(42:24 / All) xElite_Killerx: thx for telling me
(42:30 / All) hetchjay: wait, so every time I make an account
(42:36 / All) hetchjay: you are going to go to the trouble of closing it?
(42:51 / All) xElite_Killerx: yup means u cant play on it and u cant sign in
(42:51 / All) hetchjay: i mean what if I make a new one at 3 AM your time
(42:54 / All) hetchjay: (I live in Zimbabwe)
(42:56 / All) xElite_Killerx: and ill find out all your accs
(42:58 / All) xElite_Killerx: i got a bot
(43:04 / All) hetchjay: even bots have to sleep
(43:05 / All) hetchjay: right?
(43:09 / All) xElite_Killerx: nope
(43:13 / All) hetchjay: what about eating?
(43:14 / All) xElite_Killerx: they comp bots
(43:25 / All) xElite_Killerx: leave game and i wont hack u
(43:26 / All) hetchjay: what if I find an account making bot
(43:29 / All) hetchjay: my computer is probably faster
(43:32 / All) xElite_Killerx: no
(43:38 / All) xElite_Killerx: it does thing faster for u
(43:47 / All) hetchjay: my point, your power has to go out eventually
(43:49 / All) hetchjay: and when your pwoer is out
(43:52 / All) hetchjay: i will sneak in one more game of warcraft
(43:56 / All) hetchjay: and i will build more towers
(43:58 / All) xElite_Killerx: no
(44:01 / All) hetchjay: hopefully that person will not also make a bot
(44:05 / All) xElite_Killerx: i got a wireless laptop
(44:07 / All) hetchjay: then i would have to rely on TWO power outages to play
(44:10 / All) hetchjay: and that's basically impossible
(44:16 / All) xElite_Killerx: i have a wireless laptop
(44:29 / All) xElite_Killerx: leave game and u can play warcraft all u want
(44:30 / All) xElite_Killerx: or
(44:34 / All) hetchjay: wait
(44:35 / All) xElite_Killerx: just never play again
(44:36 / All) hetchjay: if your power goes out
(44:37 / All) xElite_Killerx: your choice
(44:41 / All) xElite_Killerx: it wont
(44:42 / All) hetchjay: then your router will turn off
(44:44 / All) hetchjay: it could
(44:48 / All) xElite_Killerx: I HAVE A WIRELESS LAPTOP!
(45:00 / All) hetchjay: do you use DSL or cable?
(45:07 / All) xElite_Killerx: NO
(45:10 / All) xElite_Killerx: NO CONNECTIONS
(45:13 / All) xElite_Killerx: WIRELESS
(45:14 / All) hetchjay: what
(45:18 / All) xElite_Killerx: omg
(45:20 / All) xElite_Killerx: ok
(45:21 / All) hetchjay: i don't think you know how the internet works
(45:24 / All) xElite_Killerx: all im gonna say
(45:25 / All) xElite_Killerx: is
(45:46 / All) hetchjay: is
(45:47 / All) hetchjay: ?
(45:57 / All) xElite_Killerx: IF U LIKE PLAYING WARCRAFT! THEN LEAVE AND I WONT HACK U! IF U DONT LEAVE THEN IM HACKING U AND YOU'LL NEVER PLAY AGAIN! EVER!
(46:02 / All) hetchjay: EVE
(46:13 / All) hetchjay: How did you know my name?????
(46:15 / All) xElite_Killerx: EVER*
(46:21 / All) xElite_Killerx: cuz i hack!
(46:24 / All) xElite_Killerx: omfg..
(46:34 / All) hetchjay: asl?
(46:43 / All) xElite_Killerx: huh?
(46:57 / All) hetchjay: where are you from, your age, and your gender
(47:03 / All) hetchjay: it is an EDATING TERM
(47:05 / All) xElite_Killerx: ok no more questions... you gonna leave and still be able to play or never play again
(47:06 / All) hetchjay: SOMETHING YOU ARE CLEARLY NOT FAMILIAR WITH
(47:33 / All) hetchjay: i'm thinking about it
(47:48 / All) xElite_Killerx: ill give u 3 mins
(47:49 / All) hetchjay: ok i'll leave just please don't hack
(47:53 / All) xElite_Killerx: kk
(47:56 / All) xElite_Killerx: leave right now then
(48:11 / All) xElite_Killerx: ill give u 30 seconds to leave
(48:15 / All) xElite_Killerx: otherwise im hacking u
(48:18 / All) hetchjay: my mouse just stopped working
(48:22 / All) xElite_Killerx: lol
(48:23 / All) hetchjay: how do i exit without my mouse?
(48:25 / All) xElite_Killerx: yea ok
(48:33 / All) xElite_Killerx: hold alt and hit QQQQ
(48:33 / All) hetchjay: hold on let me call my grandson
(48:42 / All) hetchjay: what is alt
(48:48 / All) xElite_Killerx: just do it
(48:58 / All) hetchjay: what is alt
(49:04 / All) xElite_Killerx: ok im gonna hack u then
(49:09 / All) hetchjay: NO!!!
(49:12 / All) hetchjay: WHATT IS ALT
(49:14 / All) xElite_Killerx: THEN LEAVE
(49:19 / All) xElite_Killerx: ITS A KEY ON THE KEYBOARD
(49:23 / All) xElite_Killerx: NEXT TO SPACE
(49:24 / All) hetchjay: is it near the apple key?
(49:35 / All) xElite_Killerx: k im hacking u then
(49:38 / All) hetchjay: look
(49:41 / All) xElite_Killerx: im writing down your name
(49:48 / All) hetchjay: next to space, is "option"
(50:00 / All) xElite_Killerx: LEAVE OR IM HACKING U
(50:00 / All) hetchjay: and apple key
(50:07 / All) hetchjay: im trying
(50:12 / All) xElite_Killerx: leave or im gonna hack u!
(50:22 / All) hetchjay: jesus just tell me how to exit without a mouse!!!!!!!!!!!!!!!!!!!!!!!!!!!!!!!!
(50:25 / All) hetchjay: i dont want to lose my acocunt
(50:26 / All) xElite_Killerx: hit esc
(50:34 / All) hetchjay: dioesn't do anything
(50:35 / All) hetchjay: try it
(50:40 / All) xElite_Killerx: oh
(50:46 / All) xElite_Killerx: well then your gonna get hacked
(50:57 / All) hetchjay: because my mouse is broken
(50:58 / All) hetchjay: that's not fair!!
(51:10 / All) xElite_Killerx: fix it then
(51:13 / All) hetchjay: ok hold on
(51:13 / All) xElite_Killerx: somthing to leave
(51:14 / All) hetchjay: brb
(51:33 / All) hetchjay: (going to check the shed for my old mouse)
(51:36 / All) hetchjay: (not optical)
(51:47 / All) xElite_Killerx: hurry up
(51:50 / All) xElite_Killerx: or im hacking u

(53:06 / All) xElite_Killerx: alright dude im dont waiting im gonna hack u or you leave.
(53:08 / All) hetchjay: sorry ralph has the keys to shed
(53:15 / All) hetchjay: he just got them out
(53:17 / All) hetchjay: and is getting a mouse
(53:23 / All) hetchjay: PLEASE DONT HACK!
(53:27 / All) xElite_Killerx: THEN LEAVE
(53:36 / All) hetchjay: he'll be right back i promise
(53:46 / All) xElite_Killerx: im not gonna wait
(53:50 / All) xElite_Killerx: im getting bot rdy
(53:55 / All) xElite_Killerx: if u dont leave
(54:12 / All) hetchjay: ok
(54:14 / All) hetchjay: plugging in the mouse now
(54:21 / All) xElite_Killerx: ok...
(54:32 / All) xElite_Killerx: im seriuse ill give u 30 seconds
(54:38 / All) xElite_Killerx: counting now
(54:43 / All) xElite_Killerx: 25 seconds
(54:50 / All) xElite_Killerx: 20 seconds
(54:58 / All) xElite_Killerx: 15 seconds
(55:01 / All) hetchjay: my son
(55:06 / All) xElite_Killerx: 10 seconds
(55:11 / All) hetchjay: said you can't really hack
(55:14 / All) hetchjay: how do i know you aren't lying?
(55:16 / All) xElite_Killerx: yes u can
(55:19 / All) xElite_Killerx: ill proove it
(55:22 / All) xElite_Killerx: after game
(55:28 / All) xElite_Killerx: and u wont be able to play again
(55:31 / All) xElite_Killerx: ok
(55:34 / All) xElite_Killerx: bots rdy
(55:38 / All) xElite_Killerx: leave or im hacking u
(55:39 / All) hetchjay: can the bot send a message to me?
(55:47 / All) hetchjay: so i know you're not lying
(55:51 / All) xElite_Killerx: not while im in game
(56:01 / All) hetchjay: what else does the bot do?
(56:09 / All) hetchjay: i mean like can it steal credit cards?
(56:10 / All) xElite_Killerx: hacks ppl in under 5 mins
(56:18 / All) hetchjay: does it need a fast computer?
(56:19 / All) xElite_Killerx: it can yea
(56:23 / All) xElite_Killerx: yes
(56:26 / All) xElite_Killerx: mines rly fast
(56:29 / All) hetchjay: pentium?
(56:38 / All) xElite_Killerx: ok no more fucking questions
(56:43 / All) xElite_Killerx: i wrote down acc name
(56:45 / All) xElite_Killerx: im hacking u
(57:01 / All) xElite_Killerx: im not playing this dumb shit with u
(57:06 / All) xElite_Killerx: leave or im hacking u
(57:20 / All) hetchjay: my son said if you get our credit card number
(57:23 / All) hetchjay: you have to know our address
(57:27 / All) hetchjay: to use our money
(57:29 / All) hetchjay: is that true
(57:33 / All) xElite_Killerx: no
(57:39 / All) xElite_Killerx: i can take credit cards
(57:51 / All) xElite_Killerx: your son is a fag he dosnt no what hes talking about
(57:57 / All) hetchjay: he is gay and we're proud of him
(58:05 / All) xElite_Killerx: good for u
(58:06 / All) hetchjay: also he works at best buy
(58:07 / All) xElite_Killerx: kk
(58:10 / All) hetchjay: in the cellular phone department
(58:12 / All) xElite_Killerx: getting bot loaded
(58:17 / All) hetchjay: so i think he knows what he's talking about
(58:26 / All) xElite_Killerx: bots loaded
(58:31 / All) hetchjay: is this thing like a torpedo gun?
(58:33 / All) xElite_Killerx: so u sure u wanna get hacked?
(58:34 / All) hetchjay: what do you put in it?
(58:57 / All) xElite_Killerx: cuz ill find out every acc u make
(59:09 / All) xElite_Killerx: u sure u wanna never play warcraft again?
(59:20 / All) hetchjay: no i relaly want to play more
(59:25 / All) xElite_Killerx: THEN LEAVE
(59:29 / All) xElite_Killerx: YOUR MOUSE WORKS
(59:32 / All) hetchjay: i know
(59:34 / All) hetchjay: ralph got one from the shed
(59:43 / All) hetchjay: the old mouse was just dirty though
(59:56 / All) hetchjay: oh sorry
(59:59 / All) hetchjay: my guy was attacking
(60:06 / All) hetchjay: hold on
(60:08 / All) hetchjay: i'm arguing with my son
(60:11 / All) hetchjay: he keeps saying you can't hack
(60:14 / All) xElite_Killerx: bots loaded
(60:15 / All) hetchjay: and that blizzard doesn't even know my credit card
(60:17 / All) xElite_Killerx: YES U CAN
(60:18 / All) xElite_Killerx: OMFG
(60:19 / All) hetchjay: so how could you get our number
(60:19 / All) xElite_Killerx: WOW
(60:27 / All) xElite_Killerx: ILL PROOVE ILL HACK YOUR ACC AFTER GAME
(60:29 / All) xElite_Killerx: NO JOKE
(60:37 / All) xElite_Killerx: ILL HACK U RIGHT AFTER GAME
(60:41 / All) hetchjay: DON'T PLEASE
(60:45 / All) hetchjay: LET ME CONVINCE M YSON
(60:50 / All) xElite_Killerx: THEN LEAVE
(60:54 / All) xElite_Killerx: 1 LOSE
(60:57 / All) hetchjay: HE GETS REALY MAD AT ME WHEN I USE THE COMPUTER INCORRECTLY
(61:00 / All) xElite_Killerx: NO BIG DEAL
(61:08 / All) xElite_Killerx: LEAVE
(61:17 / All) xElite_Killerx: MY BOTS GONNA HACK U
(61:18 / All) hetchjay: he says where are you from if you can hack
(61:19 / All) xElite_Killerx: IF U DONT
(61:24 / All) hetchjay: since it's illegal in US
(61:30 / All) xElite_Killerx: IM FROM UNITED STATS
(61:34 / All) xElite_Killerx: STATES*
(61:39 / All) hetchjay: us too
(61:46 / All) hetchjay: how do you not get arrested my son is asking
(62:01 / All) xElite_Killerx: BECAUSE MY BOTS UNDETECTABLE
(62:45 / All) hetchjay: (brb arguing with son)
(62:49 / All) xElite_Killerx: no
(62:53 / All) xElite_Killerx: im not waiting
(63:01 / All) xElite_Killerx: yes u wanna keep playing or not
(63:04 / All) xElite_Killerx: right now
(63:09 / All) hetchjay: PLZ DON'T HACK
(63:11 / All) xElite_Killerx: no more stalling
(63:13 / All) xElite_Killerx: THEN LEAVE
(63:15 / All) xElite_Killerx: OMG
(63:18 / All) xElite_Killerx: SO SIMPLE
(63:22 / All) xElite_Killerx: GET HACKED OR NOT
(63:30 / All) xElite_Killerx: YOUR SON WORKS ON PHONES NOT COMPS
(63:39 / All) xElite_Killerx: HE DOSNT NO WHAT THE FUCK HES TALKING ABOUT
(63:44 / All) hetchjay: my son just asked why you can't just hack my account now
(64:02 / All) xElite_Killerx: LEAVE RIGHT NOW OR IM HACKING U BOT ALRDY LOADED SO I CAN RIGHT NOW
(64:07 / All) xElite_Killerx: IM IN A BNET GAME
(64:11 / All) xElite_Killerx: I HAVE TO BE OUTA GAME
(64:14 / All) xElite_Killerx: TO HACK
(64:19 / All) hetchjay: oh
(64:20 / All) hetchjay: hold on
(64:21 / All) xElite_Killerx: LEAVE NOW OR SAY BYE BYE
(64:23 / All) hetchjay: ralph is getting into this too
(64:27 / All) hetchjay: NOOOOOOOO
(64:33 / All) xElite_Killerx: OK THEN LEAVE
(64:39 / All) hetchjay: HEY THIS IS RALPH ASSHOLE
(64:45 / All) hetchjay: WHY ARE YOU HACKING MY WIFE?
(64:49 / All) xElite_Killerx: GOOD FOR U
(64:52 / All) xElite_Killerx: BECAUSE
(64:57 / All) hetchjay: YOU LITTLE SHIT, I FOUGHT IN THE VIETNAM WAR
(65:01 / All) hetchjay: SO THAT PIECES OF SHIT LIKE YOU CAN HACK MY COMPUTER
(65:06 / All) xElite_Killerx: LEAVE GAME OR YOU'LL NEVER PLAY COMP GAMES AGAIN
(65:07 / All) hetchjay: MY SON WORKS AT BEST BUY MOTHERFUCKER
(65:14 / All) hetchjay: BEST MOTHERFUCKING BUY AND I THINK HE KNOWS WHAT HE IS TALKING ABOUT
(65:17 / All) xElite_Killerx: GOOD FOR HIM
(65:18 / All) hetchjay: BUT EVE IS GETTING ALL UPSET
(65:20 / All) xElite_Killerx: HE SUCKS DICK TO
(65:26 / All) hetchjay: YEAH HE DOES AND WE ARE PROUD OF HIM
(65:36 / All) hetchjay: MAYBE A LITTLE LIMP DICK LIKE YOU FROM FUCKING IOWA OR SOME SHIT
(65:36 / All) xElite_Killerx: LMFAO
(65:38 / All) xElite_Killerx: LEAVE
(65:40 / All) xElite_Killerx: OR SAY BYE BYE
(65:51 / All) hetchjay: THINKS HE CAN BE ALL HIGH AND MIGHTY
(65:54 / All) hetchjay: HACKING MY WIFE
(65:58 / All) xElite_Killerx: YEA
(66:02 / All) xElite_Killerx: IVE HACKED MANY PPL
(66:08 / All) hetchjay: BUT I CAN GUARANTEE YOU SON, IF I MET YOU ON THE STREET YOU WOULD BE DEADFUCKINGMEAT!!!!!!!!!!!!!!!!!!!!!
(66:17 / All) xElite_Killerx: DONT THINK I CANT HACK BECAUSE ONCE I LEAVE GAME ILL POOVE IT
(66:23 / All) xElite_Killerx: LOL
(66:24 / All) xElite_Killerx: YEA
(66:27 / All) xElite_Killerx: A 60 YEAR OL
(66:29 / All) xElite_Killerx: OLD*
(66:32 / All) xElite_Killerx: IM SCARED
(66:35 / All) hetchjay: HAVE YOU SEEN A MAN DIE IN FRONT OF YOU
(66:38 / All) hetchjay: HAVE YOU SON?
(66:41 / All) xElite_Killerx: YEA
(66:42 / All) xElite_Killerx: I HAVE
(66:51 / All) hetchjay: WHOA REALLY?
(66:56 / All) xElite_Killerx: YEA
(66:56 / All) hetchjay: SORRY TO HEAR ABOUT THAT
(67:00 / All) hetchjay: I JUST GOT ALITTLE WORKED UP
(67:09 / All) xElite_Killerx: ALRIGHT FUCK THIS
(67:09 / All) hetchjay: WHAT HAPPENED
(67:10 / All) hetchjay: MY CONDOLENCES
(67:14 / All) xElite_Killerx: BOTS TYPING IN YUR ACC
(67:29 / All) hetchjay: HOLD ON.!!!
(67:32 / All) xElite_Killerx: NO
(67:38 / All) xElite_Killerx: LEAVE OR NEVER PLAY AGAIN
(67:48 / All) hetchjay: HOW DID YOU SEE SOMEONE DIE?
(67:57 / All) xElite_Killerx: GOT SHOT
(68:00 / All) hetchjay: YOU SEEM TO YOUNG TO HAVE WITNESSED SOMETHING LIKE THAT
(68:01 / All) hetchjay: MAN
(68:01 / All) xElite_Killerx: LEAVE
(68:02 / All) xElite_Killerx: OR
(68:09 / All) xElite_Killerx: GET HACKED
(68:22 / All) xElite_Killerx: ALRIGHT BOT TYPED IN HETCHJAY
(68:39 / All) hetchjay: Hey this is Ralph. I'm calling my friend
(68:42 / All) xElite_Killerx: LEAVE OR YOUR PLAYING IS GONE
(68:43 / All) hetchjay: to see what he thinks about this
(68:49 / All) xElite_Killerx: ALRIGHT
(68:49 / All) hetchjay: (he works in cameras)
(68:53 / All) hetchjay: (so he know s alittle more about this)
(68:55 / All) xElite_Killerx: WHISPER ME WHILE I HACK YOUR ACC
(69:00 / All) xElite_Killerx: SO U CAN GET SAD
(69:02 / All) xElite_Killerx: OK?
(69:26 / All) xElite_Killerx: ALRIGHT?
(69:33 / All) xElite_Killerx: KK
(69:36 / All) xElite_Killerx: SAY BYE BYE
(69:43 / All) xElite_Killerx: SO YOUR 100% SURE?
(69:53 / All) xElite_Killerx: CUZ
(69:57 / All) xElite_Killerx: WHEN I HACK U
(70:01 / All) xElite_Killerx: YOU CANT PLAY AGAIN
(70:08 / All) xElite_Killerx: ITS ALL OVER A FUCKING LOSS
(70:11 / All) xElite_Killerx: THINK ABOUT IT
(70:28 / All) xElite_Killerx: 1 LOSS AND KEEP PLAING HAPPILY OR NEVER PLAY AGAIN
(70:50 / All) hetchjay: ok before i leave
(70:58 / All) hetchjay: there is a website called highper.ch that i learned about tower strategy
(71:00 / All) hetchjay: do you know about it
(71:13 / All) xElite_Killerx: YES TOWERS SUCK
(71:25 / All) hetchjay: these guys are professional tower guys
(71:29 / All) xElite_Killerx: IM GONNA COUNT TO 15 FOR U TO LEAVE
(71:32 / All) xElite_Killerx: 1
(71:34 / All) xElite_Killerx: 2
(71:36 / All) xElite_Killerx: 3
(71:38 / All) xElite_Killerx: 4
(71:41 / All) xElite_Killerx: 5
(71:42 / All) xElite_Killerx: 6
(71:45 / All) xElite_Killerx: 7
(71:47 / All) xElite_Killerx: 8
(71:49 / All) xElite_Killerx: 9
(71:51 / All) xElite_Killerx: 10
(71:53 / All) xElite_Killerx: 11
(71:55 / All) xElite_Killerx: 12
(71:57 / All) xElite_Killerx: 13
(71:58 / All) hetchjay: noooooo waaaaittt!
(72:00 / All) xElite_Killerx: 14
(72:02 / All) xElite_Killerx: 15
(72:04 / All) xElite_Killerx: alright
(72:06 / All) xElite_Killerx: bye
(72:08 / All) xElite_Killerx: get hacked
(72:11 / All) xElite_Killerx: never play again
(72:17 / All) xElite_Killerx: see how it is
(72:22 / All) xElite_Killerx: alright?
(72:25 / All) hetchjay: one of my coworkers said you can hack, but two said you can't
(72:46 / All) xElite_Killerx: dude your rly lucky im giving u this long to leave
(72:47 / All) hetchjay: brian on the geek squad isn't answer
(72:49 / All) hetchjay: ing
(72:51 / All) xElite_Killerx: i coulda hack u alrdy
(73:07 / All) xElite_Killerx: alright then
(73:12 / All) xElite_Killerx: im gonna go and hack u now
(73:19 / All) xElite_Killerx: bye bye to your account
(73:26 / All) xElite_Killerx: say bye to it
(73:32 / All) xElite_Killerx: all the fun youve had on it
(73:35 / All) xElite_Killerx: say bye
(74:13 / All) xElite_Killerx: alright
(74:19 / All) xElite_Killerx: ill count once more
(74:21 / All) xElite_Killerx: to 15
(74:22 / All) hetchjay: (on the phone sorry, please dont hack)
(74:28 / All) xElite_Killerx: for u to leave
(74:30 / All) hetchjay: (hurrying)
(74:31 / All) xElite_Killerx: THEN LEAVE
(74:33 / All) xElite_Killerx: OMFG
(74:37 / All) xElite_Killerx: 1!
(74:39 / All) xElite_Killerx: 2!
(74:41 / All) xElite_Killerx: 3!
(74:43 / All) xElite_Killerx: 4!
(74:44 / All) xElite_Killerx: 5!
(74:46 / All) xElite_Killerx: 6!
(74:48 / All) xElite_Killerx: 7!
(74:50 / All) xElite_Killerx: 8!
(74:52 / All) xElite_Killerx: 9!
(74:54 / All) xElite_Killerx: 10!
(74:56 / All) xElite_Killerx: 11!
(74:58 / All) xElite_Killerx: 12!
(75:01 / All) xElite_Killerx: 13!
(75:03 / All) xElite_Killerx: 14!
(75:04 / All) xElite_Killerx: 15!
(75:06 / All) xElite_Killerx: ALRIGHT
(75:08 / All) xElite_Killerx: BYE
(75:12 / All) xElite_Killerx: IM GONNA HACK U
(75:18 / All) xElite_Killerx: STAY ON THE PHONE
(75:27 / All) xElite_Killerx: SAY BYE TO ACC TO
(75:28 / All) hetchjay: (still on phone)
(75:43 / All) xElite_Killerx: SINCE YOUR NEVER GONNA PLAY BLIZZ GAMES AGAIN
(75:56 / All) hetchjay: wait even wow?
(75:59 / All) xElite_Killerx: ALRIGHT?
(76:00 / All) xElite_Killerx: YEA
(76:03 / All) xElite_Killerx: ILL HACK THAT TO
(76:07 / All) xElite_Killerx: SINCE U TOLD ME
(76:11 / All) hetchjay: oh no
(76:18 / All) xElite_Killerx: MY BOT TRACKS ANYTHING
(76:29 / All) xElite_Killerx: ILL HACK EVERY BLIZZERD GAME U HAVE
(76:34 / All) xElite_Killerx: LEAVE
(76:37 / All) hetchjay: it can't find magazine subscriptions can it
(76:39 / All) xElite_Killerx: OR IM GONNA HACK U
(76:46 / All) xElite_Killerx: YES IT CAN
(76:52 / All) xElite_Killerx: ITS A BOT
(76:54 / All) xElite_Killerx: OMG!
(77:27 / All) xElite_Killerx: DUDE
(77:33 / All) xElite_Killerx: IM NOT GONNA WAIT ANY MORE
(77:44 / All) hetchjay: hold on i am looking up bots that can find magazine subscriptions
(77:46 / All) hetchjay: i don't believe you
(77:56 / All) xElite_Killerx: THEY WONT BE IN MAGS
(78:02 / All) xElite_Killerx: U DONT BELIVE ME HUH?
(78:03 / All) xElite_Killerx: LOL
(78:08 / All) hetchjay: webcrawler isn't working
(78:10 / All) xElite_Killerx: OK FIND OUT FOR YOURSELF THEN
(78:16 / All) xElite_Killerx: YEA
(78:20 / All) xElite_Killerx: ACTUALLY
(78:34 / All) xElite_Killerx: ILL HACK YOUR COMPUTER SYSTEM SO U CANT USE COMPUTER TO
(78:39 / All) xElite_Killerx: HOWS THAT SOUND
(78:53 / All) hetchjay: i mean we can still use our microwave and toaster and refrigerator
(79:01 / All) xElite_Killerx: YEA
(79:05 / All) xElite_Killerx: NO COMPUTER ANYTHING
(79:10 / All) xElite_Killerx: ILL TAKE IT ALL AWAY
(79:20 / All) xElite_Killerx: YOU NO ONCE I LEAVE GAME
(79:25 / All) xElite_Killerx: YOUR COMPUTER IS GONE
(79:43 / All) xElite_Killerx: AND IF U DONT BELIVE ME FIGURE IT OUT AFTER GAME AND SEE WHAT HAPPENS
(80:02 / All) hetchjay: (friend in geek squad just called back hold on)
(80:08 / All) xElite_Killerx: NO
(81:01 / All) hetchjay: (friend is calling me right back)
(81:03 / All) hetchjay: did you see dark knight?
(81:09 / All) xElite_Killerx: YES
(81:11 / All) xElite_Killerx: NOW
(81:13 / All) hetchjay: what did you think?
(81:18 / All) xElite_Killerx: STOP CHANGIN SUBJECT
(81:23 / All) xElite_Killerx: ALRIGHT
(81:26 / All) xElite_Killerx: IM LEAVING
(81:27 / All) hetchjay: look i am just waiting for my friend to call back
(81:28 / All) xElite_Killerx: BYE
(81:31 / All) hetchjay: NOOOO!!!
(81:31 / All) xElite_Killerx: NO
(81:34 / All) xElite_Killerx: THEN LEAVE
(81:36 / All) xElite_Killerx: OMFG
(81:46 / All) xElite_Killerx: ALRIGHT THEN KEEP WAITING
(81:48 / All) hetchjay: look he said he will be right back
(81:50 / All) hetchjay: cat got out
(81:58 / All) hetchjay: while he was talking to me
(82:00 / All) hetchjay: no
(82:03 / All) xElite_Killerx: YES
(82:05 / All) hetchjay: no
(82:10 / All) xElite_Killerx: MY BOT IS ALL LOADED
(82:42 / All) hetchjay: what did you think of dark knight really?
(82:46 / All) xElite_Killerx: ILL HACK YOUR COMPUTER+WARCRAFT ACCOUNT+WORLD OF WARCRAFT ACCOUNT
(82:47 / All) hetchjay: the young people in our family really liked it
(83:15 / All) hetchjay: ok friend just called back
(83:16 / All) hetchjay: hold on
(83:19 / All) xElite_Killerx: NO
(83:23 / All) xElite_Killerx: IM NOT HOLDING ON
(83:29 / All) hetchjay: PLEASE!!!
(83:33 / All) xElite_Killerx: IM GONNA HACK U IN THE NEXT 30 SECONDS
(83:40 / All) xElite_Killerx: NO JOKE THIS TIME
(83:44 / All) xElite_Killerx: IM SERIUS!
(83:49 / All) xElite_Killerx: 25 SECONDS
(83:55 / All) xElite_Killerx: 20 SECONDS
(84:02 / All) xElite_Killerx: 15 SECONDS
(84:10 / All) xElite_Killerx: 10 SECONDS
(84:14 / All) xElite_Killerx: HURRY UP
(84:17 / All) xElite_Killerx: OR SAY BYE
(84:21 / All) xElite_Killerx: 9
(84:22 / All) xElite_Killerx: 8
(84:24 / All) xElite_Killerx: 7
(84:26 / All) xElite_Killerx: 6
(84:28 / All) xElite_Killerx: 5
(84:30 / All) xElite_Killerx: 4
(84:32 / All) xElite_Killerx: 3
(84:34 / All) xElite_Killerx: 2
(84:36 / All) xElite_Killerx: 1
(84:36 / All) hetchjay: no please wait one loss is no big deal!!
(84:39 / All) xElite_Killerx: ALRIGHT
(84:44 / All) xElite_Killerx: THEN LEAVE
(84:47 / All) xElite_Killerx: IF ITS NO BIG DEAL
(84:50 / All) xElite_Killerx: IF U LEAVE
(84:53 / All) xElite_Killerx: NOTHING HAPPENS
(84:55 / All) xElite_Killerx: SIMPLE
(85:12 / All) hetchjay: i just don't want to think you might be tricking us
(85:21 / All) xElite_Killerx: IM NOT
(85:27 / All) xElite_Killerx: DO I SEEM LIKE IM TRICKING YOU!
(85:30 / All) xElite_Killerx: NO
(85:33 / All) hetchjay: no
(85:34 / All) xElite_Killerx: ILL HACK U
(85:38 / All) xElite_Killerx: EXACTLY
(85:41 / All) xElite_Killerx: IM NOT KIDDING
(85:50 / All) xElite_Killerx: IF A LOSS TO U IS NO BIG DEAL THEN LEAVE
(86:11 / All) hetchjay: LISTEN UP, RALPH HERE AGAIN. WE DON'T SEE HOW YOU CAN SEE OUR MAGAZINE SUBSCRIPTIONS
(86:17 / All) hetchjay: THAT IS WHY WE THINK IT IS A TRICK
(86:33 / All) xElite_Killerx: I CANT SEE YOUR MAGAZINE SCRIPTS
(86:35 / All) hetchjay: I'VE WORKED IN THE MAGAZINE BUSINESS FOR 33 YEARS
(86:40 / All) hetchjay: YOU SAID YOU COULD EARLIER
(86:42 / All) xElite_Killerx: I CAN HACK YOUR COMPUTER THOUGH
(86:56 / All) xElite_Killerx: AND ALL OF YOUR ACCS ON YOUR GAMES
(86:58 / All) xElite_Killerx: LEAVE
(87:00 / All) xElite_Killerx: OR
(87:03 / All) xElite_Killerx: GET HACKED

(88:53 / All) hetchjay: have you used this hack before?
(89:00 / All) xElite_Killerx: MANY TIMES
(89:11 / All) xElite_Killerx: JUST HACKED SOMEONE 2 DAYS AGO
(89:21 / All) xElite_Killerx: DUDE
(89:24 / All) xElite_Killerx: IM NOT WAITING
(89:34 / All) xElite_Killerx: BECAUSE IM GONNA GET THIS OVER WITH
(89:37 / All) xElite_Killerx: LEAVE
(89:40 / All) xElite_Killerx: OR GET HACKED
(90:08 / All) hetchjay: GG
(90:20 / All) xElite_Killerx: ALRIGHT LEAVE
(91:16 / All) xElite_Killerx: YOU GONNA GO OR NOT?!
(91:23 / All) hetchjay: yes
(91:25 / All) hetchjay: we're leaving
(91:33 / All) xElite_Killerx: ALRIGHT THEN
(91:37 / All) xElite_Killerx: U MADE THE RIGHT MOVE
(91:50 / All) hetchjay: ok thanks for not hacking our acount (lpease dont!!)
(92:01 / All) xElite_Killerx: I WONT UNLESS U LEAVE
(92:06 / All) hetchjay: eve still really wants to know what you thought of dark knight
(92:15 / All) xElite_Killerx: I LOVED IT
(92:21 / All) hetchjay: i call her eve, sorry, adopted mom
(92:29 / All) hetchjay: yeah it was pretty good
(92:29 / All) xElite_Killerx: OH
(92:35 / All) xElite_Killerx: OK LEAVE
(92:36 / All) hetchjay: ok we're leaving now
(92:40 / All) xElite_Killerx: BYE
(92:46 / All) hetchjay: bye gg
(92:51 / All) xElite_Killerx: YUP
(93:09 / All) xElite_Killerx: .................................
(93:46 / All) xElite_Killerx: ARE U GONNA LEAVE!??!?!!?!?!!!!!
(93:52 / All) xElite_Killerx: IM NOT JOKING
(93:56 / All) xElite_Killerx: MY BOTS READY
(93:59 / All) xElite_Killerx: RIGHT NOW
(94:09 / All) hetchjay: oh sorry, we thought we closed the game
(94:11 / All) hetchjay: we're leaving now
(94:21 / All) xElite_Killerx: alright
(94:26 / All) xElite_Killerx: bye!
(94:27 / All) hetchjay: damnit, this mouse is going crazy, too
(94:28 / All) hetchjay: hold on
(94:32 / All) hetchjay: 10 seconds
(94:34 / All) hetchjay: guaranteed
(94:38 / All) hetchjay: just swapping out mouse real quick
(94:39 / All) xElite_Killerx: oh my fucking god
(95:08 / All) xElite_Killerx: kk
(95:17 / All) xElite_Killerx: bye im gonna go hack u now
(96:10 / All) xElite_Killerx: DO YOU WANT YOUR ACCOUNTS TO YOUR THINGS?!
(96:19 / All) hetchjay: yes
(96:20 / All) xElite_Killerx: THEN LEAVE!!!!!!!!!!!!!!!!!!!!!!!!!!!!!!!!!!!!!!!!!!!!!!!!
(96:33 / All) hetchjay: trying
(96:38 / All) xElite_Killerx: O YOUR NOT
(96:41 / All) xElite_Killerx: NO*
(96:55 / All) xElite_Killerx: THAT MOUSE EXCUSE AINT WORKING AGAIN
(97:04 / All) hetchjay: no the mouse is ok
(97:11 / All) xElite_Killerx: THEN LEAVE!!!
(97:22 / All) xElite_Killerx: GO TO MENU AND LEAVE GAME
(97:29 / All) hetchjay: ok we're leaving
(97:30 / All) hetchjay: GG
(97:35 / All) xElite_Killerx: GG
(97:43 / All) xElite_Killerx: OMG
(97:47 / All) xElite_Killerx: LEAVE ALREADY
(98:03 / All) xElite_Killerx: THATS THE BIG DEAL GET HACKED! OR DONT GET HACKED!
(98:08 / All) xElite_Killerx: SIMPLE!
(98:48 / All) xElite_Killerx: ALRIGHT
(98:51 / All) xElite_Killerx: IM LEAVING
(99:02 / All) hetchjay: gg
(99:11 / All) xElite_Killerx: U SAID THAT 5 TIMES
(99:24 / All) xElite_Killerx: IM GONNA GO HACK U NOW
(99:26 / All) xElite_Killerx: BYE
(99:51 / All) xElite_Killerx: ARE U SURE?
(100:06 / All) hetchjay: yes gg
(100:07 / All) xElite_Killerx: BECAUSE WHEN I HACK U! U CANT USE COMPUTER EVER AGAIN!
(100:17 / All) hetchjay: oh
(100:56 / All) xElite_Killerx: SO NEVER WANT TO GO ON COMP AGAIN HUH?
(101:09 / All) hetchjay: no
(101:12 / All) hetchjay: or
(101:12 / All) hetchjay: yes
(101:19 / All) xElite_Killerx: ALRIGHT
(101:21 / All) hetchjay: sorry i wans't sure which way to answer rightt
(101:22 / All) xElite_Killerx: CYA THEN
(101:29 / All) hetchjay: GG
(101:36 / All) xElite_Killerx: DO U WANT TO GO ON COMP MORE?
(101:42 / All) hetchjay: yse
(101:44 / All) xElite_Killerx: THEN LEAVE!!!
(101:54 / All) xElite_Killerx: OR U WONT BE GOING ON COMP
(102:00 / All) xElite_Killerx: EVER AGAIN
(102:17 / All) hetchjay: (sorry americas funniest home videos came on)
(102:18 / All) hetchjay: GG
(102:25 / All) xElite_Killerx: OMG
(102:28 / All) xElite_Killerx: LEAVE ALRDY

(103:30 / All) xElite_Killerx: DUDE MY BOT IS FULLY LOADED ABOUT TO HACK YOUR ACCOUNT! IF U DONT LEAVE LIKE RIGHT NOW! IM LEAVING AND IM GONNA HACK YOU
(103:40 / All) hetchjay: ok, GG
(103:42 / All) xElite_Killerx: MAKE UP YOUR MIND
(103:44 / All) xElite_Killerx: LEAVE
(103:51 / All) xElite_Killerx: GG
(103:52 / All) xElite_Killerx: LEAVE
(103:56 / All) xElite_Killerx: LEAVE
(103:57 / All) xElite_Killerx: LEAVE
(104:01 / All) xElite_Killerx: OR ILL HACK U
(104:27 / All) xElite_Killerx: IF U DONT BELIVE ME WATCH YOUR COMP GET FUCKED UP
(105:21 / All) xElite_Killerx: U GONNA LEAVE?!
(105:28 / All) xElite_Killerx: OR U WANNA GET HACKED?!
(105:33 / All) hetchjay: no!
(105:34 / All) hetchjay: GG
(105:40 / All) xElite_Killerx: THEN FUCKING LEAVE DAMNIT!
(105:46 / All) xElite_Killerx: KEEP SAYING GG
(105:49 / All) xElite_Killerx: AND U DONT LEAVE
(105:54 / All) xElite_Killerx: THEN U MAKE UP EXCUSES
(106:01 / All) xElite_Killerx: LEAVE OR GET HACKED!
(106:32 / All) xElite_Killerx: DUDE
(106:45 / All) xElite_Killerx: MY LAPTOP IS LITERLY ON YOUR ACCOUNT PRETTY MUCH
(107:09 / All) xElite_Killerx: ALRIGHT FIND OUT THE HARD WAY
(107:10 / All) hetchjay: different computer than warcraft computer?
(107:18 / All) xElite_Killerx: I HAVE 2 COMPUTERS
(107:30 / All) xElite_Killerx: MY LAPTOP IS GONNA DETECT YOUR PASS
(107:34 / All) xElite_Killerx: IF U DONT LEAVE
(107:36 / All) xElite_Killerx: 15
(107:37 / All) xElite_Killerx: 14
(107:39 / All) xElite_Killerx: 13
(107:40 / All) xElite_Killerx: 12
(107:42 / All) xElite_Killerx: 11
(107:44 / All) xElite_Killerx: 10
(107:46 / All) xElite_Killerx: 9
(107:47 / All) xElite_Killerx: 8
(107:48 / All) xElite_Killerx: 7
(107:49 / All) xElite_Killerx: 6
(107:50 / All) xElite_Killerx: 5
(107:51 / All) xElite_Killerx: 4
(107:52 / All) xElite_Killerx: 3
(107:53 / All) xElite_Killerx: 2
(107:54 / All) xElite_Killerx: 1
(107:55 / All) xElite_Killerx: K
(107:56 / All) xElite_Killerx: BY
(107:57 / All) hetchjay: i thought you could hack if you weren't on bnet
(108:15 / All) hetchjay: why do you need to leave to hack me?
(108:16 / All) xElite_Killerx: I HAVE WARCRAFT ON BOTH COMPS
(108:31 / All) xElite_Killerx: BECAUSE I NEED BOTH COMPS PREGRAMING TO HACK
(108:38 / All) xElite_Killerx: STOP ASKING QUESTIONS
(108:39 / All) xElite_Killerx: LEAVE
(108:40 / All) hetchjay: sorry
(108:41 / All) hetchjay: ok
(108:41 / All) hetchjay: GG
(108:42 / All) xElite_Killerx: OR GET HACKED
(108:53 / All) xElite_Killerx: U KEEP SAYING THAT
(109:02 / All) hetchjay: i thought GG was how you leave
(109:03 / All) xElite_Killerx: U SAID A LOSS DOSNT MEAN ANYTHING TO U
(109:07 / All) xElite_Killerx: NO
(109:08 / All) hetchjay: usually i type "GG"
(109:10 / All) hetchjay: and it says
(109:16 / All) hetchjay: "YOU FAILED TO ACHIEVE VICTORY"
(109:19 / All) hetchjay: "Continue Game. Quit Game"
(109:24 / All) hetchjay: Then I click on quit game
(109:35 / All) xElite_Killerx: OK HIT F10 AND THEN HIT END GAME
(109:40 / All) hetchjay: ok i will try that
(109:41 / All) hetchjay: GG
(109:46 / All) hetchjay: F10
(109:52 / All) hetchjay: GG F10
(109:55 / All) hetchjay: GG, F10
(109:58 / All) xElite_Killerx: YOUR SO DUMB
(110:02 / All) xElite_Killerx: THE KEY
(110:05 / All) xElite_Killerx: F10
(110:06 / All) hetchjay: F10, GG
(110:07 / All) xElite_Killerx: ON TOP
(110:18 / All) hetchjay: GG USUALYL WORKS
(110:19 / All) xElite_Killerx: OK BYE
(110:21 / All) hetchjay: GG
(110:25 / All) xElite_Killerx: BYE
(110:28 / All) xElite_Killerx: SAY BYE TO ACC
(110:30 / All) hetchjay: GG
(110:33 / All) xElite_Killerx: I NO U NO HOW TO LEAVE
(110:36 / All) xElite_Killerx: YOUR STALLING
(111:03 / All) xElite_Killerx: OK U SEE MENU ON TOP OF SCREEN
(111:09 / All) hetchjay: yes
(111:10 / All) xElite_Killerx: AND ITSAYS ALLIES NEXT TO IT
(111:19 / All) xElite_Killerx: CLICK MENU AND HIT END GAME
(111:40 / All) hetchjay: ok i did that
(111:42 / All) hetchjay: GG
(111:45 / All) xElite_Killerx: NO U DIDNT
(111:46 / All) xElite_Killerx: OMG
(111:48 / All) xElite_Killerx: ALRIGHT
(111:50 / All) xElite_Killerx: BYE THEN
(111:55 / All) xElite_Killerx: HAVE NO COMP
(111:58 / All) xElite_Killerx: BYE
(112:06 / All) hetchjay: highper.ch
(112:16 / All) hetchjay: do you know about that website?
(112:27 / All) xElite_Killerx: HIT MENU HIT END GAME HIT QUIT MISSION
(112:29 / All) hetchjay: it has some good replays about beating towers
(112:29 / All) hetchjay: ok
(112:32 / All) hetchjay: hold on
(112:55 / All) hetchjay: http://highper.ch is the website where i learned my tower strategy if you want to practice.
(112:56 / All) hetchjay: GG
(113:27 / All) xElite_Killerx: IMA GIVE U 10 SECONDS TO LEAVE OR IM LEAVING AND IM GONNA HACK U
(113:40 / All) xElite_Killerx: GO TO MENU HIT END GAME THEN HIT QUIT MISSION
(114:00 / All) xElite_Killerx: K
(114:03 / All) xElite_Killerx: BYE
(114:09 / All) hetchjay: GG